Map: Dusk Towers

Players

Miszu - Winner!

  • Race: Protoss Protoss
  • League: Grandmaster

CealeR

  • Race: Terran Terran
  • League: Master

VOD

Have the link to the VOD?

Description

Time

  • Played on: April 8, 2016, 7:19 p.m.
  • Length: 22:06
Show
View Real Time Build Order
Export as new Build Order

Miszu Protoss - Winner!

Build Orders: 1 Gate Expand, Blink Stalkers 

Get SALT Encoding   

  12  0:00  Probe (Chrono Boost)  
  13  0:11  Probe (Chrono Boost)  
  14  0:18  Pylon  
  14  0:22  Probe (Chrono Boost)  
  15  0:37  Gateway, Probe (Chrono Boost)  
  16  0:47  Probe (Chrono Boost)  
  17  1:08  Nexus  
  17  1:13  Assimilator  
  17  1:16  Probe (Chrono Boost)  
  18  1:26  Cybernetics Core  
  18  1:30  Probe (Chrono Boost)  
  19  1:41  Probe (Chrono Boost)  
  19  1:44  Assimilator  
  20  1:50  Pylon  
  20  1:51  Probe (Chrono Boost)  
  21  2:02  Adept (Chrono Boost)  
  24  2:08  Probe  
  24  2:18  Probe  
  24  2:20  Mothership Core  
  27  2:25  Warp Gate  
  27  2:29  Probe  
  28  2:39  Probe  
  28  2:42  Probe  
  30  2:50  Twilight Council, Probe  
  30  2:54  Probe  
  32  3:00  Probe  
  33  3:06  Probe  
  33  3:10  Stalker (Chrono Boost)  
  33  3:11  Probe  
  36  3:15  Robotics Facility  
  36  3:19  Probe  
  38  3:28  Probe  
  38  3:32  Probe  
  40  3:37  Gateway  
  40  3:38  Probe  
  41  3:42  Blink (Chrono Boost)  
  41  3:43  Gateway  
  41  3:45  Probe  
  42  3:49  Probe  
  43  3:56  Pylon  
  43  3:57  Probe  
  43  4:02  Observer, Probe  
  45  4:05  Assimilator x2  
  46  4:13  Probe  
  46  4:14  Probe  
  46  4:15  Pylon  
  48  4:21  Observer  
  49  4:25  Probe  
  49  4:26  Probe  
  51  4:32  Stalker  
  51  4:36  Stalker  
  55  4:43  Observer  
  55  4:47  Stalker  
  55  4:48  Probe x2  
  60  4:58  Pylon  
  60  5:08  Nexus  
  60  5:09  Probe  
  60  5:10  Pylon, Probe  
  60  5:11  Immortal  
  62  5:21  Stalker x2  
  68  5:28  Probe x2  
  72  5:33  Resonating Glaives (Chrono Boost)  
  72  5:40  Probe x2  
  72  5:42  Forge x2  
  74  5:44  Pylon  
  74  5:51  Pylon  
  74  5:52  Probe x2  
  74  5:53  Pylon  
  76  5:59  Warp Prism  
  78  6:04  Probe  
  78  6:05  Probe  
  80  6:11  Pylon  
  80  6:14  Protoss Ground Weapons Level 1 (Chrono Boost)  
  80  6:16  Probe, Protoss Ground Armor Level 1 (Chrono Boost)  
  80  6:17  Probe  
  82  6:21  Probe  
  82  6:24  Pylon  
  83  6:28  Probe  
  83  6:29  Probe  
  83  6:31  Assimilator  
  83  6:32  Probe  
  85  6:35  Assimilator  
  86  6:40  Probe  
  86  6:41  Probe  
  86  6:42  Probe  
  89  6:47  Gateway, Immortal  
  89  6:52  Templar Archives  
  89  6:53  Probe x3  
  95  6:56  Gateway  
  96  7:01  Pylon  
  96  7:05  Probe  
  96  7:07  Pylon  
  97  7:12  Sentry  
  97  7:13  Adept x2  
  103  7:27  Immortal  
  107  7:32  Pylon  
  107  7:33  Psionic Storm  
  107  7:35  High Templar  
  107  7:36  High Templar x2  
  111  7:47  Probe x2  
  113  7:52  Gateway  
  113  7:53  Gateway  
  113  7:56  Gateway, Protoss Ground Armor Level 2 (Chrono Boost)  
  113  7:58  Nexus  
  113  7:59  Pylon  
  113  8:00  Protoss Ground Weapons Level 2 (Chrono Boost)  
  113  8:02  High Templar x2  
  117  8:07  Observer  
  117  8:12  Assimilator  
  118  8:14  Assimilator  
  118  8:17  Stargate  
  118  8:19  Pylon  
  118  8:20  Adept x3  
  124  8:33  Gateway  
  124  8:35  Gateway  
  124  8:36  Stalker x2  
  126  8:53  Gateway  
  120  9:01  Void Ray (Chrono Boost)  
  124  9:03  Fleet Beacon  
  124  9:06  Stargate, Stalker x4  
  132  9:12  Adept x3  
  132  9:13  Adept  
  129  9:41  Void Ray (Chrono Boost)  
  129  9:43  Pylon  
  129  9:45  Adept x3  
  137  9:52  Tempest (Chrono Boost)  
  143  10:12  Adept x3  
  143  10:13  Adept x4  
  157  10:19  Void Ray (Chrono Boost)  
  159  10:30  Tempest (Chrono Boost)  
  155  11:01  Tempest (Chrono Boost)  
  147  11:07  Tempest (Chrono Boost)  
  133  11:17  Adept  
  133  11:18  High Templar x3, Stalker  
  137  11:30  Immortal  
  137  11:31  Nexus  
  141  11:33  Zealot x6  
  141  11:37  Pylon  
  141  11:38  Tempest (Chrono Boost)  
  157  11:40  Assimilator  
  157  11:45  Assimilator  
  157  11:50  Pylon  
  157  11:55  Probe x2  
  157  11:56  Tempest (Chrono Boost), Probe  
  164  12:08  Probe  
  165  12:09  Nexus, Warp Prism  
  167  12:20  Carrier (Chrono Boost)  
  173  12:24  Stargate  
  173  12:25  Stargate  
  173  12:26  Protoss Air Weapons Level 1  
  173  12:30  Cybernetics Core  
  179  12:44  Carrier (Chrono Boost)  
  179  12:59  Pylon  
  179  13:00  Pylon  
  185  13:15  Pylon  
  185  13:17  Pylon  
  185  13:18  Pylon  
  191  13:20  Carrier (Chrono Boost)  
  191  13:29  Carrier (Chrono Boost)  
  185  13:35  Carrier (Chrono Boost)  
  185  13:36  Photon Cannon  
  185  13:37  Photon Cannon  
  175  13:58  Assimilator  
  175  13:59  Assimilator, Carrier (Chrono Boost), Photon Cannon x2  
  181  14:03  High Templar  
  171  14:21  Probe  
  171  14:22  Probe x2  
  171  14:23  Probe  
  175  14:35  Photon Cannon  
  181  14:39  High Templar  
  181  14:40  Photon Cannon  
  181  14:43  Photon Cannon  
  189  14:45  Carrier (Chrono Boost)  
  189  14:49  Carrier (Chrono Boost)  
  195  14:55  Carrier (Chrono Boost)  
  189  15:13  Carrier (Chrono Boost)  
  143  15:49  Nexus  
  151  16:07  Graviton Catapult  
  155  16:27  Tempest (Chrono Boost)  
  159  16:53  High Templar  
  159  16:54  High Templar  
  163  16:55  High Templar x3  
  163  16:56  High Templar  
  163  16:59  Archon x2  
  171  17:04  Tempest (Chrono Boost)  
  171  17:05  Tempest (Chrono Boost)  
  165  17:12  High Templar x2  
  165  17:13  Tempest (Chrono Boost)  
  165  17:15  Archon  
  169  17:22  High Templar x3  
  175  17:27  Nexus  
  175  17:29  Tempest (Chrono Boost)  
  179  17:42  Pylon, Tempest (Chrono Boost)  
  179  17:43  Tempest (Chrono Boost)  
  187  17:44  Pylon  
  191  17:56  Tempest (Chrono Boost)  
  191  17:57  Dark Shrine  
  191  17:58  Pylon  
  191  18:03  High Templar  
  191  18:04  Assimilator  
  193  18:07  Photon Cannon  
  193  18:09  Photon Cannon  
  193  18:33  Assimilator  
  193  18:41  Tempest (Chrono Boost)  
  197  18:43  Warp Prism  
  199  18:52  Archon  
  198  19:02  Dark Shrine  
  194  19:04  Zealot  
  194  19:05  Zealot x2  
  198  19:15  Dark Templar x2  
  198  19:16  Dark Templar  
  196  19:25  Dark Templar  
  198  19:53  Dark Templar  
  200  20:01  Dark Templar  
  192  20:08  Dark Templar x4  
  196  20:15  Dark Templar x2  
  196  20:19  Mothership Core  
Show
View Real Time Build Order
Export as new Build Order

CealeR Terran 

Build Orders: Reaper Expand, MMM Bio 

Get SALT Encoding   

  12  0:01  SCV  
  13  0:13  SCV  
  14  0:17  Supply Depot  
  14  0:25  SCV  
  15  0:39  SCV  
  15  0:41  Barracks  
  16  0:45  Refinery  
  16  0:51  SCV  
  17  1:03  SCV  
  18  1:15  SCV  
  19  1:28  Orbital Command  
  19  1:30  Reaper  
  20  1:41  Command Center  
  20  1:47  Supply Depot  
  20  1:53  Refinery  
  20  1:56  SCV  
  21  2:08  SCV  
  21  2:11  Barracks Reactor  
  22  2:21  Factory, SCV  
  23  2:26  Bunker  
  23  2:33  SCV  
  24  2:47  SCV  
  24  2:49  Engineering Bay  
  24  2:51  Marine x2  
  26  2:59  SCV  
  26  3:00  Orbital Command  
  26  3:04  Factory Tech Lab  
  27  3:09  Marine x2  
  27  3:11  SCV  
  30  3:16  Missile Turret  
  30  3:24  Missile Turret  
  30  3:26  SCV x2  
  32  3:34  Cyclone  
  35  3:38  SCV x2  
  37  3:46  Starport  
  37  3:48  Marine x2  
  37  3:51  SCV x2  
  41  3:57  Supply Depot  
  41  4:03  SCV x2  
  41  4:07  Siege Tank  
  46  4:17  Liberator  
  46  4:19  Marine x2, SCV  
  46  4:20  Supply Depot  
  49  4:25  Command Center  
  49  4:30  SCV  
  49  4:31  SCV  
  54  4:39  Barracks  
  54  4:44  Barracks  
  54  4:45  SCV  
  54  4:46  SCV  
  54  4:52  Refinery  
  56  4:55  Refinery  
  56  4:58  Marine  
  56  4:59  Marine, SCV  
  59  5:00  SCV  
  59  5:12  SCV  
  59  5:13  Terran Infantry Weapons Level 1  
  60  5:15  Barracks x2  
  60  5:18  SCV  
  60  5:19  Starport Reactor  
  61  5:24  SCV  
  62  5:29  Factory Reactor  
  62  5:31  Barracks Tech Lab  
  62  5:35  Supply Depot  
  62  5:37  Marine x2  
  64  5:44  Marine  
  64  5:46  Stimpack  
  64  5:47  SCV x2  
  67  5:50  Starport, Fusion Core  
  67  5:52  Combat Shields  
  67  5:53  Engineering Bay  
  67  5:54  Marine  
  68  5:59  SCV  
  68  6:00  SCV  
  70  6:05  Barracks Reactor, Barracks Tech Lab  
  70  6:06  Supply Depot  
  70  6:07  Bunker, Medivac  
  72  6:15  SCV  
  73  6:18  Missile Turret  
  73  6:20  Missile Turret  
  73  6:22  Refinery, Orbital Command  
  73  6:26  Refinery  
  73  6:27  Liberator x2, SCV  
  73  6:28  SCV  
  75  6:39  SCV  
  76  6:40  Starport Tech Lab  
  76  6:41  SCV  
  83  6:52  SCV  
  83  6:53  SCV  
  83  6:54  SCV  
  86  7:00  Marine  
  86  7:01  Marine x2, Marauder x2  
  93  7:03  Advanced Ballistics  
  93  7:09  SCV  
  93  7:11  Supply Depot  
  93  7:14  Terran Infantry Armor Level 1  
  93  7:15  Supply Depot, Liberator, Widow Mine x2  
  93  7:16  SCV x2  
  93  7:17  Liberator  
  93  7:18  Missile Turret  
  99  7:23  Missile Turret  
  99  7:26  SCV  
  99  7:27  Missile Turret  
  100  7:32  SCV  
  107  7:39  Marauder x2  
  107  7:42  Liberator  
  111  7:45  SCV  
  111  7:47  Marine x3  
  111  7:49  SCV x2  
  111  7:51  Supply Depot  
  107  7:52  Supply Depot  
  107  7:58  Liberator  
  107  8:00  Widow Mine x2  
  107  8:02  Concussive Shells  
  114  8:06  SCV x2  
  114  8:10  Marine x2  
  114  8:12  Marine, Marauder  
  120  8:14  Supply Depot  
  120  8:17  Armory  
  123  8:21  Supply Depot  
  123  8:30  Marine x3, Marauder  
  123  8:31  Marauder  
  123  8:32  Medivac  
  134  8:34  Marauder  
  134  8:38  Supply Depot  
  134  8:39  SCV  
  135  8:43  Widow Mine x2  
  138  8:52  Marauder x2  
  141  8:55  Marine  
  141  8:56  Marine, Marauder  
  141  8:58  Marine  
  138  9:07  Marine  
  134  9:11  SCV  
  134  9:12  SCV x2  
  134  9:13  Terran Infantry Armor Level 2, Marine, Marauder x2, Terran Infantry Weapons Level 2  
  134  9:14  Marine  
  134  9:16  Marine  
  143  9:20  Missile Turret  
  143  9:21  Liberator  
  142  9:28  SCV  
  143  9:36  SCV  
  143  9:38  Medivac x2  
  148  9:39  Marine x3, Marauder  
  153  9:46  SCV  
  153  9:51  Liberator  
  154  9:56  SCV x2  
  156  10:11  SCV  
  160  10:14  Marine x3  
  160  10:15  Marauder  
  160  10:18  Widow Mine  
  160  10:20  Supply Depot  
  160  10:21  Marauder  
  165  10:38  SCV, Widow Mine  
  165  10:39  Marauder  
  160  10:43  Marine x2  
  160  10:44  Viking, Marauder x2  
  160  10:45  Viking  
  160  10:49  SCV  
  169  11:02  SCV  
  169  11:03  Marine x2, Marauder  
  159  11:04  Liberator x3  
  107  11:20  Marine x3, Marauder, Widow Mine x2  
  107  11:21  Marauder  
  107  11:25  Marine, Marauder  
  123  11:34  Supply Depot  
  123  11:38  Marine x3  
  126  11:42  Marauder x2  
  126  11:43  Marine  
  126  11:44  Command Center  
  126  11:46  Marauder  
  133  11:55  Marine  
  133  11:56  Marine  
  133  11:59  Missile Turret x2  
  133  12:00  Missile Turret x2  
  135  12:03  Marauder x2  
  135  12:05  Viking x2  
  137  12:20  Marine x2, Marauder  
  137  12:22  Terran Infantry Weapons Level 3, Terran Infantry Armor Level 3  
  140  12:25  Marauder  
  140  12:26  Command Center  
  142  12:32  Viking  
  142  12:33  Widow Mine x2  
  142  12:34  Marine  
  149  12:43  Missile Turret  
  147  12:52  Marine x3, Marauder  
  147  12:53  Viking, Marauder  
  156  12:58  Sensor Tower  
  156  13:02  Medivac  
  156  13:03  Medivac  
  160  13:10  Sensor Tower  
  160  13:32  Missile Turret  
  160  13:34  Marine x2  
  160  13:35  Marine x2, Marauder x3  
  160  13:36  Viking  
  170  13:56  Marauder  
  170  14:01  Missile Turret  
  172  14:03  Missile Turret  
  167  14:11  Marine x2  
  167  14:12  Marauder x2  
  167  14:13  Viking x2  
  167  14:14  Viking  
  176  14:18  Ghost Academy  
  176  14:29  Missile Turret  
  176  14:49  Missile Turret  
  176  14:50  Missile Turret  
  175  14:58  Viking  
  175  14:59  Viking x2  
  169  15:08  Widow Mine  
  137  15:28  Viking, Marine x2, Marauder  
  122  15:33  Marine x2, Marauder  
  111  15:39  Marine  
  90  15:44  Orbital Command  
  90  15:46  Marine x2  
  91  15:50  Marine, Marauder  
  91  15:55  Marauder  
  94  15:58  Viking x2, Marauder  
  94  16:06  Marine  
  94  16:07  Marine x2  
  93  16:11  Viking, Refinery x2  
  93  16:12  Widow Mine x2  
  93  16:17  Starport  
  99  16:28  Viking, Marine x4, Marauder  
  99  16:29  Marauder x2  
  111  16:33  Missile Turret x2  
  111  16:37  Missile Turret  
  111  16:38  Missile Turret  
  109  16:45  Terran Ship Weapons Level 1  
  109  16:46  Marine x2, Medivac x2  
  115  16:50  Marauder, SCV x2  
  119  16:58  Command Center  
  119  17:03  Marine x3  
  119  17:04  Marauder x2  
  119  17:06  Starport Tech Lab  
  126  17:15  Medivac  
  128  17:16  Medivac  
  128  17:22  Orbital Command  
  130  17:23  Raven  
  132  17:33  Ghost Academy  
  132  17:36  Missile Turret  
  132  17:37  Personal Cloaking  
  132  17:46  Raven  
  132  17:51  Liberator x3  
  132  18:03  Hi-Sec Auto Tracking, Building Armor  
  138  18:20  Marine x3  
  138  18:21  Marauder x2  
  138  18:25  Liberator  
  145  18:34  Liberator  
  145  18:39  Marine x3, Marauder  
  149  18:42  Marauder  
  153  19:11  Marine x2  
  153  19:12  Marine x2, Marauder x3  
  161  19:36  Marine x2, Marauder x2  
  132  19:48  Marine x2, Marauder  
  132  19:49  Viking x4  
  136  19:53  Marine  
  136  19:57  Marauder  
  136  19:58  Marauder  
  82  20:14  Marine x3  
  82  20:15  Marine, Marauder  
  82  20:19  Viking, Marauder x2  
  82  20:32  Marine  
  82  20:36  Marauder  
Tags
 
Add a new tag
Caveats
  • Supply blocks, unpowered buildings, or Contaminate may cause inaccurate times.
  • Supply counts are checked every 10 seconds.